 Dungeon Crawl Stone Soup version 0.32-a0-814-g0968bab981 (webtiles) character file.

Game seed: 506599095187914923

332 kae the Slasher (level 6, -1/44 HPs)
             Began as a Coglin Gladiator on Mar 22, 2024.
             Blown up by Ijyb (15 damage)
             ... with a mindburst bolt
             ... on level 3 of the Dungeon.
             The game lasted 00:01:31 (2079 turns).

kae the Slasher (Coglin Gladiator)                  Turns: 2079, Time: 00:01:31

Health: -1/44      AC:  5    Str: 14    XL:     6   Next: 52%
Magic:  6/6        EV: 11    Int:  7    God:
Gold:   81         SH:  0    Dex: 18    Spells: 5/5 levels left

rFire   . . .        a - +0 long sword {Sebastián}
rCold   . . .        f - +0 dagger {Illuratum}
rNeg    . . .        b - +0 leather armour
rPois   .            c - +0 helmet
rElec   .            (no cloak)
rCorr   .            t - +0 pair of gloves
SInv    .            (no boots)
Will    .....        (amulet unavailable)
Stlth   +            (ring unavailable)
HPRegen 0.27/turn    (ring unavailable)
MPRegen 0.10/turn    (no gizmo)

%: no passive effects
@: revved
A: off-hand wielding, slow wielding, warmup strikes, no jewellery
a: Invent Gizmo


You were on level 3 of the Dungeon.
You visited 1 branch of the dungeon, and saw 3 of its levels.

You collected 109 gold pieces.
You spent 28 gold pieces at shops.


Innate Abilities, Weirdness & Mutations

You can wield a second weapon in your off-hand.
It takes a long time for you to wield or remove held weapons.
Your first few attacks do less damage.
You cannot equip rings or amulets.


   Skills:
 - Level 2.0 Fighting
 + Level 7.1 Long Blades
 - Level 1.7 Throwing
 - Level 2.6 Dodging


You had 5 spell levels left.
You didn't know any spells.
Your spell library contained the following spells:

 Spells                   Type           Power      Damage    Failure   Level
 Shock                    Conj/Air       0%         1d3       52%         1
 Blink                    Tloc           0%         N/A       65%         2
 Cigotuvi's Dreadful Rot  Necr/Alch/Air  0%         N/A       65%         2
 Lesser Beckoning         Tloc           0%         N/A       65%         2
 Momentum Strike          Conj/Tloc      0%         3d8       65%         2
 Frozen Ramparts          Ice            0%         1d1       87%         3
 Ozocubu's Armour         Ice            0%         N/A       87%         3
 Sigil of Binding         Hex            0%         N/A       87%         3
 Swiftness                Air            0%         N/A       87%         3
 Airstrike                Air            0%         2d(0-16)  99%         4
 Ignite Poison            Fire/Alch      0%         N/A       99%         4
 Freezing Cloud           Conj/Ice/Air   0%         6-21      100%        5
 Metabolic Englaciation   Hex/Ice        0%         N/A       100%        5
 Death Channel            Necr           0%         N/A       100%        6
 Sculpt Simulacrum        Ice/Alch       0%         N/A       100%        6

Inventory:

Hand Weapons
 a - a +0 long sword (weapon) {Sebastián}
 f - a +0 dagger (offhand) {Illuratum}
Missiles
 d - 3 throwing nets (quivered) {=f!f}
 e - a javelin
 i - 11 stones
Armour
 b - a +0 leather armour (worn)
 c - a +0 helmet (worn)
 t - a +0 pair of gloves (worn)
   (You found it on level 2 of the Dungeon)
Jewellery
 w - the ring "Gettoz" {Fire *Slow rPois Str+3 Dex+7}
   (You found it on level 3 of the Dungeon)

   [ring of fire]

   Fire:      It enhances your fire magic.
   Str+3:     It affects your strength (+3).
   Dex+7:     It affects your dexterity (+7).
   rF+:       It protects you from fire.
   rC-:       It makes you vulnerable to cold.
   rPois:     It protects you from poison.
   *Slow:     It may slow you when you take damage.
 O - a +4 ring of protection
   (You found it on level 3 of the Dungeon)
 S - a +6 ring of strength
   (You found it on level 1 of the Dungeon)
Scrolls
 g - 6 scrolls of identify {@r1}
 m - a scroll of acquirement {unknown}
 q - a scroll of teleportation {unknown}
 v - a scroll of fog {unknown}
 x - a scroll of poison {unknown}
Potions
 h - 2 potions of ambrosia {unknown}
 j - a potion of attraction {unknown}
 k - 2 potions of cancellation {unknown}
 l - a potion of enlightenment {unknown}
 n - 3 potions of heal wounds {unknown}
 o - 2 potions of brilliance {unknown}
 p - a potion of curing {unknown}
 r - a potion of resistance {unknown}
 s - a potion of lignification {unknown}
 u - 2 potions of might {unknown}

Dungeon Overview and Level Annotations

Branches:
Dungeon (3/15) Zot: 15920

Altars:
Gozag

Shops:
D:1 :?*

Annotations:
D:3 Ijyb

......# # ......#########.
####........... #.....)....#
######..###.#.# .......##
#...#### ############.....# ###
#......#.# ..#######.######@#
#.†.......# #g#
#..#############...# ######
...................# ##...##
#..#############.<...######......
.....##### #.........)....†.<
####.....# #.###.....#....... #
#####.# ..# ####......... # #.#
#### ##.#......


You could see Ijyb.


Message History

You hit the rat with your +0 dagger. The rat misses you.
There are monsters nearby!
You hit the rat with your +0 long sword.
You kill the rat!
The goblin shoots a sling bullet.
The sling bullet closely misses you.
The goblin unwields a +0 sling.
The goblin wields a +0 dagger.
The goblin hits you with a +0 dagger.
You see here a rat corpse.
A goblin is nearby! 😕 HP[-1]
You take 1 damage, and now have 43/44 hp.
You slash the goblin with your +0 long sword!
You kill the goblin!
No target in view!
An endoplasm comes into view. 😎 HP[+1]
Your hp is fully restored (44).
An endoplasm is nearby!
An endoplasm is nearby!
An endoplasm is nearby!
The helpless endoplasm fails to defend itself.
You slash the endoplasm with your +0 long sword!
You kill the endoplasm!
No target in view!
Found a stone staircase leading up.
No target in view!
No target in view!
A frilled lizard comes into view.
The frilled lizard hisses angrily.
Ijyb the Inquisitive comes into view.
She is wielding a +0 club and carrying a wand of mindburst.
Ijyb shouts!
You barely miss the frilled lizard with your +0 dagger.
You slash the frilled lizard with your +0 long sword!
You kill the frilled lizard!
You see here a frilled lizard corpse.
You hit Ijyb with your +0 dagger. You hit Ijyb but do no damage.
Ijyb hits you but does no damage.
You hit Ijyb with your +0 dagger. You hit Ijyb but do no damage.
Ijyb hits you with a +0 club. 😕 HP[-1]
You take 1 damage, and now have 43/44 hp.
Unknown command.
You barely miss Ijyb with your +0 long sword.
You hit Ijyb but do no damage.
Ijyb zaps a wand.
Your mind is blasted! 😮 HP[-12]
You take 12 damage, and now have 31/44 hp.
MASSIVE DAMAGE!! (PAUSE)
You hit Ijyb but do no damage.
You barely miss Ijyb with your +0 dagger.
Ijyb barely misses you.
You slash Ijyb with your +0 long sword!
You hit Ijyb but do no damage. 😮 HP[+1] Unknown command.
You barely miss Ijyb with your +0 dagger.
You hit Ijyb but do no damage.
Ijyb zaps a wand.
Your mind is blasted!
* * * LOW HITPOINT WARNING * * *
😨 HP[-12]
You take 12 damage, and now have 20/44 hp.
MASSIVE DAMAGE!! (PAUSE)
You hit Ijyb but do no damage. x2; Ijyb barely misses you.
Unknown command.
You barely miss Ijyb with your +0 long sword.
You hit Ijyb but do no damage.
Ijyb zaps a wand.
Your mind is blasted!
* * * LOW HITPOINT WARNING * * *
You closely miss Ijyb with your +0 dagger.
You closely miss Ijyb with your +0 long sword.
Ijyb hits you but does no damage. 😨 HP[-2]
You take 2 damage, and now have 18/44 hp.
You hit Ijyb but do no damage. You hit Ijyb with your +0 long sword.
Ijyb hits you with a +0 club.
* * * LOW HITPOINT WARNING * * *
😨 HP[-5]
You take 5 damage, and now have 13/44 hp.
Unknown command.
You hit Ijyb but do no damage. You hit Ijyb with your +0 dagger.
Ijyb barely misses you.
You hit Ijyb but do no damage. You slash Ijyb with your +0 long sword!
Ijyb hits you but does no damage.
Unknown command.
You hit Ijyb but do no damage.
You barely miss Ijyb with your +0 long sword.
Ijyb barely misses you. 😨 HP[+1]
You hit Ijyb but do no damage.
You closely miss Ijyb with your +0 long sword.
Ijyb closely misses you.
Unknown command.
You closely miss Ijyb with your +0 dagger.
You hit Ijyb but do no damage.
Ijyb zaps a wand.
Your mind is blasted!
You die...
Ijyb moans, "Good help so hard to find!"

Skill      XL: |  1  2  3  4  5  6 |
---------------+-------------------+-----
Long Blades    | 4 5 6 7 |  7.1
Fighting       | |  2.0
Throwing       | |  1.7
Dodging        | |  2.6

Action                     |  1- 3 |  4- 6 || total
---------------------------+-------+-------++-------
  Melee: Long sword        |    79 |   100 ||   179
         Dagger            |    69 |    96 ||   165
    Use: Scroll            |     1 |       ||     1
   Stab: Sleeping          |       |     4 ||     4
 Armour: Leather armour    |    46 |    49 ||    95
  Dodge: Dodged            |    55 |    43 ||    98

Levels and vault maps discovered:
D:1:      dpeg_arrival_erosion, layout_rooms, serial_shops, nicolae_shop_stone,
          nicolae_shop_just_a_little_nook, shop, dk_noncrumbling_4
D:2:      layout_rooms, serial_curves, eino_curves_03, eino_curves_02,
          minmay_quantized
D:3:      layout_rooms, general_overflow_altar, demons_altar, uniq_sigmund,
          uniq_ijyb

Notes
Turn   | Place    | Note
-------+----------+-------------------------------------------
     0 | D:1      | kae the Coglin Gladiator began the quest for the Orb.
     0 | D:1      | Reached XP level 1. HP: 16/16 MP: 1/1
     0 | D:1      | magus.rc [v1.11.3]
    54 | D:1      | HP: 3/16 [rat (2)]
   104 | D:1      | You pick up a book of Winter and begin reading...
   104 | D:1      | You add the spells Frozen Ramparts, Ozocubu's Armour and
                  | Metabolic Englaciation to your library.
   163 | D:1      | Reached XP level 2. HP: 22/22 MP: 2/2
   231 | D:1      | Found Gehystaropt's Magic Scroll Shoppe.
   253 | D:1      | Reached skill level 4 in Long Blades
   260 | D:1      | Bought a scroll of identify for 28 gold pieces
   289 | D:1      | You pick up a book of Spatial Translocations and begin
                  | reading...
   289 | D:1      | You add the spells Blink, Momentum Strike and Lesser
                  | Beckoning to your library.
   381 | D:1      | Reached XP level 3. HP: 27/27 MP: 3/3
   388 | D:1      | Found Vimealy's General Store.
   595 | D:1      | Found Irirogh's Book Shoppe.
   658 | D:2      | You add the spells Cigotuvi's Dreadful Rot, Ignite Poison
                  | and Freezing Cloud to your library.
   883 | D:2      | HP: 6/27 [adder (1)]
   887 | D:2      | Reached XP level 4. HP: 4/33 MP: 4/4
   887 | D:2      | HP: 2/33 [poisoned by an adder]
  1043 | D:2      | Reached skill level 5 in Long Blades
  1439 | D:2      | Reached XP level 5. HP: 38/38 MP: 5/5
  1602 | D:3      | You pick up a book of Air and begin reading...
  1602 | D:3      | You add the spells Shock, Swiftness and Airstrike to your
                  | library.
  1604 | D:3      | Found an opulent altar of Gozag.
  1638 | D:3      | You pick up a book of Wicked Creation and begin reading...
  1638 | D:3      | You add the spells Sigil of Binding, Sculpt Simulacrum and
                  | Death Channel to your library.
  1643 | D:3      | Noticed Sigmund
  1650 | D:3      | Killed Sigmund
  1651 | D:3      | Reached skill level 6 in Long Blades
  1651 | D:3      | Reached XP level 6. HP: 30/44 MP: 6/6
  1728 | D:3      | Reached skill level 7 in Long Blades
  1896 | D:3      | Identified the ring "Gettoz" {Fire *Slow rPois Str+3 Dex+7}
  2058 | D:3      | Noticed Ijyb
  2079 | D:3      | Blown up by Ijyb

Vanquished Creatures
  Sigmund (D:3)
  A bombardier beetle (D:3)
  8 adders
  A dart slug (D:1)
  A ribbon worm (D:3)
  3 orcs (D:3)
  7 endoplasms
  3 giant cockroaches
  5 goblins
  4 hobgoblins
  6 jackals
  5 quokkas
  2 ball pythons (D:2)
  6 bats
  7 frilled lizards
  4 kobolds
  5 rats
69 creatures vanquished.

Table legend:
 A = Non-vault XP
 B = Vault XP
 C = Vault XP percentage of total XP
 D = Non-vault monster count
 E = Vault monster count
 F = Vault count percentage of total count
                 A         B        C        D         E       F
            +---------+---------+-------+---------+---------+-------
      Total |     227 |     248 |  52.2 |      62 |       7 |  10.1
            +---------+---------+-------+---------+---------+-------
        D:1 |      43 |       0 |   0.0 |      26 |       0 |   0.0
        D:2 |      93 |      34 |  26.8 |      19 |       6 |  24.0
        D:3 |      91 |     214 |  70.2 |      17 |       1 |   5.6
            +---------+---------+-------+---------+---------+-------

Skill      XL: |  1  2  3  4  5  6 |
---------------+-------------------+-----
Long Blades    | 4 5 6 7 |  7.1
Fighting       | |  2.0
Throwing       | |  1.7
Dodging        | |  2.6

Action                     |  1- 3 |  4- 6 || total
---------------------------+-------+-------++-------
  Melee: Long sword        |    79 |   100 ||   179
         Dagger            |    69 |    96 ||   165
    Use: Scroll            |     1 |       ||     1
   Stab: Sleeping          |       |     4 ||     4
 Armour: Leather armour    |    46 |    49 ||    95
  Dodge: Dodged            |    55 |    43 ||    98

Illustrated notes

Table legend:
 A = Kills in this place as a percentage of kills in the entire game.
 B = Kills by you in this place as a percentage of kills by you in the entire game.
 C = Kills by friends in this place as a percentage of kills by friends in the entire game.
 D = Other kills in this place as a percentage of other kills in the entire game.
 E = Experience gained in this place as a percentage of experience gained in the entire game.
 F = Experience gained in this place divided by the number of levels of this place that you have seen.
                   A       B       C       D       E      F
               +-------+-------+-------+-------+-------+----------------------
         Total | 100.0 | 100.0 |   N/A |   N/A | 100.0 | 158.3
       Dungeon | 100.0 | 100.0 |   N/A |   N/A | 100.0 | 158.3
               +-------+-------+-------+-------+-------+----------------------

Table legend: (Time is in decaauts)
 A = Elapsed time spent in this place.
 B = Non-inter-level travel time spent in this place.
 C = Inter-level travel time spent in this place.
 D = Time resting spent in this place.
 E = Time spent auto-exploring this place.
 F = Levels seen in this place.
 G = Mean time per level.
                   A        B        C        D        E       F      G
               +--------+--------+--------+--------+--------+-----+--------+
         Total |   2078 |   2012 |     66 |    127 |   1473 |   3 |  692.7 |
       Dungeon |   2078 |   2012 |     66 |    127 |   1473 |   3 |  692.7 |
               +--------+--------+--------+--------+--------+-----+--------+

Top non-repeatable levels by time:
     D:2: 916 daAuts
     D:1: 635 daAuts
     D:3: 525 daAuts
